 Dungeon Crawl Stone Soup version 0.26.0-7-g794d0892b4 (webtiles) character file.

Game seed: 16702583324171366017

686 Froggeryz the Spear-Bearer (level 7, -3/41 HPs)
             Began as a Tengu Abyssal Knight on Jan 11, 2021.
             Was a Priest of Lugonu.
             Slain by a mummy (17 damage)
             ... in an ossuary.
             The game lasted 00:06:25 (6128 turns).

Froggeryz the Spear-Bearer (Tengu Abyssal Knight)   Turns: 6128, Time: 00:06:25

Health: -3/41      AC:  7    Str: 15    XL:     7   Next: 62%
Magic:  18/18      EV: 11    Int: 12    God:    Lugonu [***...]
Gold:   143        SH:  5    Dex: 13    Spells: 6/6 levels left

rFire    + . .     SeeInvis .   a - +1 spear
rCold    . . .     Faith    .   w - +0 buckler
rNeg     . . .     Spirit   .   y - +0 scale mail
rPois    .         Reflect  .   (helmet restricted)
rElec    .         Harm     .   (no cloak)
rCorr    .         Rampage  .   m - +0 pair of gloves
Will     .....                  (boots unavailable)
Stlth    ..........             (no amulet)
HPRegen  0.13/turn              n - ring of protection from fire
MPRegen  0.16/turn              v - ring of magical power

@: flying quickly and evasively, slowed, very slow
A: beak, talons 3, able to fly
a: Stop Flying, Renounce Religion, Depart the Abyss, Bend Space, Banish


You were in an ossuary.
You worshipped Lugonu.
Lugonu was most pleased with you.
You visited 1 branch of the dungeon, and saw 5 of its levels.
You visited the Abyss 1 time.
You also visited: Sewer and Ossuary.

You collected 143 gold pieces.

Inventory:

Hand Weapons
 a - a +1 spear (weapon)
Missiles
 c - a throwing net
 r - 7 javelins (quivered)
 u - 4 poisoned darts
Armour
 m - a +0 pair of gloves (worn)
 w - a +0 buckler (worn)
 y - a +0 scale mail (worn)
Jewellery
 n - a ring of protection from fire (left hand)
 v - a ring of magical power (right hand)
 A - an uncursed ring of willpower {unknown}
Wands
 x - a wand of enslavement (6)
Scrolls
 e - 3 scrolls of remove curse
 f - 2 scrolls of magic mapping {unknown}
 i - 3 scrolls of fog {unknown}
 j - 5 scrolls of teleportation {unknown}
 l - a scroll of enchant armour {unknown}
 s - 2 scrolls of fear {unknown}
 z - a scroll of identify {unknown}
 C - a scroll of enchant weapon {unknown}
Potions
 b - 2 potions of haste {unknown}
 d - 2 potions of brilliance
 g - a potion of degeneration {unknown}
 h - 2 potions of lignification
 k - a potion of invisibility {unknown}
 o - 2 potions of might {unknown}
 p - 6 potions of curing
 q - a potion of attraction {unknown}
 t - a potion of heal wounds {unknown}
 B - 2 potions of magic {unknown}


   Skills:
 - Level 3.0 Fighting
 * Level 8.1 Polearms
 - Level 2.1 Armour
 - Level 1.3 Dodging
 * Level 3.4 Shields
 - Level 1.5 Invocations


You had 6 spell levels left.
You didn't know any spells.
Your spell library contained the following spells:

 Spells                   Type           Power        Failure   Level
 Magic Dart               Conj           0%           80%         1
 Blink                    Tloc           N/A          91%         2
 Call Imp                 Summ           0%           91%         2
 Slow                     Hex            0%           91%         2
 Conjure Flame            Conj/Fire      0%           99%         3
 Mephitic Cloud           Conj/Pois/Air  0%           99%         3


Dungeon Overview and Level Annotations

Branches:
Dungeon (5/15)              Sewer (visited)         Ossuary (1/1)
 Temple: D:4-7

Altars:
Ashenzari
Elyvilon
Kikubaaqudgha
Zin

Annotations:
D:4 2 transporters, anything's ghost, amateur OpTm


Innate Abilities, Weirdness & Mutations

You have a beak for a mouth.
You have claws for feet.
You can fly continuously.


Message History

The bog mummy is almost destroyed.
The bog mummy hits you!
You are too injured to fight recklessly!
You are too injured to fight recklessly!
You are too injured to fight recklessly!
You hit the bog mummy.
You destroy the bog mummy!
Lugonu accepts your kill.
You closely miss the mummy. You peck the mummy.
The mummy is lightly damaged.
The mummy barely misses you.
You completely miss the mummy.
The mummy is lightly damaged.
You hit the mummy.
The mummy is moderately damaged.
The mummy barely misses you.
You hit the mummy.
The mummy is heavily damaged.
The mummy hits you!
You die...

### #.#
##'#+#+#+#'#+#+###
.'....M@.......'.#
##.##'##'##'##.###
#. #.#...# #
###.∩.# #∩..#
#####


You could see a mummy.

Vanquished Creatures
  An ogre (D:4)
  A water moccasin skeleton (D:4)
  A centaur zombie (Ossuary)
  An orc priest (D:4)
  An orc wizard (D:4)
  Ijyb (D:4)
  A worker ant (D:4)
  2 hound zombies (Ossuary)
  4 mummies (Ossuary)
  11 adders
  8 gnolls
  A shadow imp (D:5)
  An ooze (D:4)
  An adder zombie (Ossuary)
  A worm (D:3)
  4 leopard geckos
  8 orcs (D:4)
  12 bats
  2 giant cockroaches
  6 goblins
  11 hobgoblins
  17 jackals
  2 quokkas (D:2)
  6 ball pythons
  6 frilled lizards
  17 kobolds
  A leopard gecko skeleton (D:4)
  A leopard gecko zombie (Ossuary)
  9 rats
138 creatures vanquished.

Vanquished Creatures (others)
  14 plants (Sewer)
14 creatures vanquished.

Grand Total: 152 creatures vanquished

Notes
Turn   | Place    | Note
-------+----------+-------------------------------------------
     0 | Abyss:1  | Froggeryz the Tengu Abyssal Knight began the quest for the
                  | Orb.
     0 | Abyss:1  | Reached XP level 1. HP: 14/14 MP: 3/3
    97 | Abyss:1  | Noticed a hellephant
    98 | D:1      | Escaped the Abyss
   280 | D:1      | Reached XP level 2. HP: 9/19 MP: 4/4
   283 | D:1      | Reached skill level 3 in Polearms
   729 | D:1      | Reached * piety under Lugonu
   769 | D:1      | Reached XP level 3. HP: 23/23 MP: 5/5
   826 | D:1      | Reached skill level 4 in Polearms
  1560 | D:1      | Reached XP level 4. HP: 6/28 MP: 6/6
  2176 | D:2      | Reached skill level 5 in Polearms
  2995 | D:2      | Reached ** piety under Lugonu
  2996 | D:2      | Gained mutation: You can fly continuously. [Tengu growth]
  2996 | D:2      | Reached XP level 5. HP: 32/32 MP: 7/7
  3462 | D:3      | Found a glowing drain.
  3478 | D:3      | Reached skill level 6 in Polearms
  3514 | Sewer    | Entered a sewer
  3944 | Sewer    | Reached *** piety under Lugonu
  4223 | D:3      | Reached XP level 6. HP: 37/37 MP: 8/8
  4233 | D:3      | Found a broken altar of Ashenzari.
  4758 | D:4      | Found a glowing silver altar of Zin.
  4760 | D:4      | Found an ancient bone altar of Kikubaaqudgha.
  5115 | D:4      | Reached skill level 7 in Polearms
  5122 | D:4      | Reached skill level 1 in Shields
  5241 | D:4      | Noticed Ijyb
  5253 | D:4      | Killed Ijyb
  5431 | D:4      | Reached XP level 7. HP: 41/41 MP: 9/9
  5516 | D:4      | Found a white marble altar of Elyvilon.
  5851 | D:4      | Found a transporter.
  5852 | D:4      | Noticed anything's ghost (amateur OpTm)
  5852 | D:4      | Identified the +3 great mace "Xigeiqac" {flame, rElec Will-
                  | Dex+8}
  5853 | D:4      | Found a transporter.
  5894 | D:5      | Entered Level 5 of the Dungeon
  6014 | D:5      | Found a sand-covered staircase.
  6038 | Ossuary  | Entered an ossuary
  6108 | Ossuary  | Reached skill level 8 in Polearms
  6128 | Ossuary  | Slain by a mummy

Illustrated notes

Levels and vault maps discovered:
D:1:      minmay_arrival_glassed_features, layout_basic
D:2:      layout_rooms, kennysheep_boxes
D:3:      layout_loops_ring, evilmike_ruin_ashenzari, gup_sewer_entry_glass
D:4:      layout_basic, minitemple, lemuel_crystal_altar, gammafunk_ghost_smash,
          uniq_ijyb
D:5:      layout_loops_ring, kennysheep_little_box, lemuel_doored_altar,
          temple_fountains, serial_shops, shop_fountains,
          nicolae_ossuary_entry_false_entrances
Ossuary:  ossuary_zaba_flooded

Skill      XL: |  1  2  3  4  5  6  7 |
---------------+----------------------+-----
Polearms       | 3 4 5 6 7 8 |  8.1
Shields        | 2 3 |  3.4
Fighting       | |  3.0
Armour         | |  2.1
Dodging        | |  1.3
Invocations    | |  1.5

Action                   |  1- 3 |  4- 6 |  7- 9 || total
-------------------------+-------+-------+-------++-------
Melee: Spear             |    98 |   290 |   102 ||   490
       Kick              |    13 |    51 |    24 ||    88
       Peck              |     8 |    38 |    10 ||    56
Invok: Depart the Abyss  |     1 |       |       ||     1
 Abil: Fly               |       |     1 |       ||     1
  Use: Scroll            |     1 |       |       ||     1
       Potion            |     3 |       |       ||     3
 Stab: Sleeping          |     2 |       |       ||     2
       Distracted        |     1 |       |       ||     1
Armor: Leather armour    |    19 |     5 |       ||    24
       Skin              |    14 |       |       ||    14
       Ring mail         |       |    50 |       ||    50
       Scale mail        |       |     8 |    14 ||    22
Dodge: Dodged            |    42 |   115 |    25 ||   182
Block: Buckler           |       |     4 |     7 ||    11
